 Dungeon Crawl Stone Soup version 0.16-a0-223-g37887f7 (console) character file.

299 Kellhus the Gusty (level 6, 36/36 HPs)
             Began as a High Elf Air Elementalist on Aug 20, 2014.
             Quit the game on Level 3 of the Dungeon.
             The game lasted 00:07:31 (2823 turns).

Kellhus the Gusty (High Elf Air Elementalist)       Turns: 2823, Time: 00:07:31

HP  36/36        AC  5     Str  7      XL: 6   Next: 13%
MP  14/15        EV 13     Int 20      God:
Gold 125         SH  0     Dex 17      Spells:  2 memorised,  5 levels left

rFire  . . .     SeeInvis .     u - +0 dagger (curse)
rCold  . . .     Clarity  .     a - +0 robe
rNeg   . . .     rCorr    .     (no shield)
rPois  .         rRot     .     (no helmet)
rElec  .         Spirit   .     p - +2 cloak
SustAb .         Warding  .     (no gloves)
rMut   .         Stasis   .     (no boots)
Gourm  .                        (no amulet)
MR     .....                    (no ring)
                                (no ring)

@: not resistant to hostile enchantments, unstealthy
A: no striking features
a: no special abilities


You were on level 3 of the Dungeon.
You were hungry.

You visited 1 branch of the dungeon, and saw 3 of its levels.

You collected 125 gold pieces.

Inventory:

Hand weapons
 f - a +1 dagger of venom
 u - a cursed +0 dagger (weapon)
Armour
 a - a +0 robe (worn)
 p - a +2 cloak (worn)
Comestibles
 c - a bread ration
 m - a meat ration
 q - a slice of pizza
Scrolls
 d - 2 scrolls of amnesia {unknown}
 e - a scroll of random uselessness {unknown}
 j - a scroll of magic mapping {unknown}
 k - a scroll of immolation {unknown}
 l - 2 scrolls of recharging {unknown}
 r - a scroll of remove curse {unknown}
 v - a scroll of noise {unknown}
 x - 2 scrolls of identify {unknown}
Potions
 g - a potion of invisibility {unknown}
 h - a potion of agility {unknown}
 i - 2 potions of degeneration {unknown}
 n - a potion of restore abilities {unknown}
 o - a potion of magic {unknown}
 s - a potion of heal wounds {unknown}
 t - a potion of curing
 z - 2 potions of cancellation {unknown}
Books
 b - a book of Air

   Spells                             Type                      Level
   *Shock                             Conjuration/Air              1
   Swiftness                          Charms/Air                   2
   Repel Missiles                     Charms/Air                   2
   Flight                             Charms/Air                   3
   *Static Discharge                  Conjuration/Air              3
   Lightning Bolt                     Conjuration/Air              5


   Skills:
 - Level 2.1 Dodging
 - Level 2.1 Stealth
 - Level 2.4 Spellcasting
 + Level 4.7 Conjurations
 + Level 6.4 Air Magic


You had 5 spell levels left.
You knew the following spells:

 Your Spells              Type           Power        Failure   Level  Hunger
a - Shock                 Conj/Air       ###.         1%          1    #......
b - Static Discharge      Conj/Air       ###.....     6%          3    ###....


Dungeon Overview and Level Annotations

Branches:
Dungeon (3/15)

Altars:


Message History

Aiming: Shock
Press: ? - help, Shift-Dir - straight line, f - kobold
Aim: a kobold, wielding a whip (resting)
The zap misses the kobold.
The kobold shouts!
The kobold throws a stone.
The stone closely misses you.
Casting: Shock
Confirm with . or Enter, or press ? or * to list all spells.
Aiming: Shock
Press: ? - help, Shift-Dir - straight line, f/p - kobold
Aim: a kobold, wielding a whip The zap hits the kobold.
You kill the kobold!
You see here 13 stones.
Things that are here:
a whip; 4 stones; a kobold corpse Done exploring.
Done exploring.
Done exploring.
Are you sure you want to abandon this character and quit the game? (Confirm with "yes".)

.##.#####.###.........#.#
#..# .##.#
#.######.#......#####..##
.##.#
#.....##.##..............
....#
#####.##.####.##########.
.#..# #.##.####.### #.
....# #.##.##.....# #.
.#)##
#.##.##.....########.
...#
#.##.##...........##.
.#####
#.##@##.....#####.##.
.....# #.##.##.....#
#)##. .###.#
#.##(######## #.##.
.###.########.##.# #.###
..............##.# #.# #
####.###########.# #.# #
# #.# #.# #.# # # #.# #.#
#.# # ####.# #(# #.# #


There were no monsters in sight!

Vanquished Creatures
  Sigmund (D:3)
  Crazy Yiuf (D:2)
  An iguana (D:3)
  12 adders
  A worm (D:1)
  An ooze (D:2)
  2 ball pythons
  3 giant cockroaches
  6 hobgoblins
  2 jackals (D:3)
  7 kobolds
  A quokka (D:2)
  4 bats
  4 giant geckos
  4 giant newts
  5 goblins
  5 rats
  A fungus (D:2)
61 creatures vanquished.

Notes
Turn   | Place    | Note
--------------------------------------------------------------
     0 | D:1      | Kellhus, the High Elf Air Elementalist, began the quest for the Orb.
     0 | D:1      | Reached XP level 1. HP: 11/11 MP: 4/4
   171 | D:1      | Reached skill level 4 in Air Magic
   403 | D:1      | Reached XP level 2. HP: 12/17 MP: 0/6
   911 | D:2      | Reached XP level 3. HP: 6/21 MP: 1/8
  1188 | D:2      | Reached skill level 5 in Air Magic
  1188 | D:2      | Reached XP level 4. HP: 21/27 MP: 1/11
  1743 | D:2      | Noticed Crazy Yiuf
  1963 | D:2      | Killed Crazy Yiuf
  2147 | D:3      | Reached XP level 5. HP: 24/31 MP: 9/12
  2325 | D:3      | Noticed Sigmund
  2331 | D:3      | Killed Sigmund
  2331 | D:3      | Reached skill level 6 in Air Magic
  2368 | D:3      | Learned a level 3 spell: Static Discharge
  2603 | D:3      | Reached XP level 6. HP: 36/36 MP: 11/15
  2823 | D:3      | Quit the game

Action                   |  1- 3 |  4- 6 || total
-------------------------+-------+-------++-------
Melee: Dagger            |    42 |    58 ||   100
 Cast: Shock             |    52 |    66 ||   118
       Static Discharge  |       |     4 ||     4
  Use: Potion            |     1 |       ||     1
  Eat: Chunk             |     1 |     1 ||     2
       Bread ration      |       |     1 ||     1
